AoeStats
← HAKUNA MATATA

Black Forest

504303435Analyzed
4v4 RM · 28d ago on Sep 4, 2026· 57m 57s· 8 players
Game mode
Random Map
Map size
Large (8 player)
Population
200
Speed
Normal
Resources
Standard
Victory
Conquest
Starting age
Dark Age
Ending age
Imperial Age
RankedLock teamsTeams togetherTeam positionsShared explorationLock speedFull tech treeHidden civsTurbo modeCheats
Victory
Defeat
🇮🇳 Jurchens · India
1642
+7
🇭🇰 Bohemians · Hong Kong SAR China
1496
+13
🇦🇷 Franks · Argentina
1441
+15
🇹🇷 Bengalis · Türkiye
1337
+20
🇨🇳 Koreans · China
1448
-15
🇧🇷 Saracens · Brazil
1438
-14
🇬🇧 Cumans · United Kingdom
1413
-13
🇬🇧 Ethiopians · United Kingdom
1413
-13
Oliver
1:09 Loom
11:44 Feudal Age
14:32 Double-Bit Axe
14:31 Horse Collar
17:11 Castle Age
16:04 Gold Mining
17:33 Crossbowman
20:56 Ballistics
21:14 Bow Saw
22:49 Elite Skirmisher
24:29 Fletching
24:39 Padded Archer Armor
26:19 Bodkin Arrow
26:39 Leather Archer Armor
27:10 Leather Archer Armor
30:16 Town Watch
31:07 Wheelbarrow
32:20 Hand Cart
33:48 Thumb Ring
36:22 Imperial Age
34:55 Fortified Wall
34:41 Murder Holes
34:52 Town Patrol
38:20 Chemistry
38:33 Two-Man Saw
37:42 Heavy Plow
37:41 Arbalester
38:45 Conscription
38:51 Torsion Engines
47:28 Bracer
48:00 Ring Archer Armor
47:38 Siege Engineers
Mike_raft
7:04 Loom
9:14 Feudal Age
10:02 Double-Bit Axe
15:06 Wheelbarrow
16:22 Horse Collar
17:57 Fishing Lines
22:06 Castle Age
22:27 Scale Barding Armor
22:32 Forging
22:49 Gillnets
23:36 Bloodlines
23:21 Light Cavalry
24:57 Capped Ram
26:35 Coinage
27:06 Gold Mining
27:06 Stone Mining
27:50 Chain Barding Armor
28:26 Hand Cart
29:38 Iron Casting
33:08 Imperial Age
33:12 Siege Ram
33:14 Cavalier
34:30 Plate Barding Armor
34:56 Blast Furnace
37:56 Banking
37:26 Caravan
37:46 Scale Mail Armor
37:07 Pikeman
37:48 Squires
37:58 Paladin
38:58 Chain Mail Armor
39:19 Halberdier
40:36 Plate Mail Armor
41:18 Man-at-Arms
50:51 Hussar
SupeR_ Galarra_
11:23 Feudal Age
15:09 Castle Age
13:50 Gold Mining
13:50 Double-Bit Axe
14:07 Horse Collar
18:18 Wheelbarrow
17:29 Loom
20:52 Bow Saw
29:36 Imperial Age
27:13 Heavy Plow
27:36 Caravan
28:15 Scale Barding Armor
28:21 Forging
29:41 Gold Shaft Mining
29:44 Chain Barding Armor
29:57 Onager
31:46 Chemistry
31:24 Plate Barding Armor
31:24 Iron Casting
31:40 Bloodlines
30:51 Light Cavalry
31:31 Husbandry
34:49 Blast Furnace
35:00 Hussar
36:32 Conscription
36:10 Siege Onager
37:20 Elite Mameluke
53:11 Heavy Camel Rider
78088344
0:43 Loom
12:28 Feudal Age
17:00 Castle Age
15:45 Double-Bit Axe
15:42 Horse Collar
18:24 Bow Saw
19:35 Fishing Lines
22:54 Heavy Plow
25:53 Wheelbarrow
26:15 Gillnets
29:19 Imperial Age
27:23 Gold Mining
27:24 Stone Mining
28:06 Hand Cart
27:46 Fletching
28:28 Bodkin Arrow
29:50 Gold Shaft Mining
29:52 Stone Shaft Mining
30:18 Bracer
30:21 Eupseong
30:42 Conscription
31:23 Elite Skirmisher
33:14 Chemistry
32:37 Ballistics
34:28 Siege Engineers
36:55 Heavy Rocket Cart
39:56 Two-Man Saw
39:45 Guilds
39:36 Caravan
44:03 Scale Barding Armor
44:10 Forging
45:46 Coinage
45:07 Light Cavalry
45:47 Husbandry
46:09 Chain Barding Armor
46:25 Iron Casting
50:40 Hussar
распродаж
11:39 Feudal Age
15:18 Castle Age
13:45 Double-Bit Axe
15:36 Fishing Lines
19:00 Horse Collar
23:54 Fervor
24:53 Wheelbarrow
28:32 Imperial Age
27:35 Chemistry
27:23 Ballistics
26:49 Loom
27:22 Hand Cart
27:20 Bow Saw
27:24 Town Watch
27:41 Heavy Plow
28:05 Fletching
28:45 Bodkin Arrow
29:25 Wagenburg Tactics
29:41 Conscription
31:03 Two-Man Saw
30:52 Houfnice
31:55 Siege Engineers
32:01 Masonry
31:47 Elite Hussite Wagon
34:05 Pikeman
34:45 Squires
34:30 Arson
34:56 Halberdier
35:37 Scale Mail Armor
35:47 Forging
35:37 Bracer
38:27 Iron Casting
38:07 Chain Mail Armor
42:06 Caravan
42:36 Coinage
42:16 Guilds
43:59 Plate Mail Armor
44:30 Blast Furnace
52:07 Architecture
53:46 Banking
HAKUNA MATATA
1:43 Loom
14:19 Feudal Age
18:06 Castle Age
15:57 Horse Collar
16:53 Double-Bit Axe
19:25 Bow Saw
19:25 Heavy Plow
25:29 Fishing Lines
27:55 Gillnets
28:55 Wheelbarrow
28:07 Town Watch
28:15 Gold Mining
28:23 Stone Mining
30:17 Gold Shaft Mining
31:26 Fortified Wall
34:40 Imperial Age
34:47 Fletching
34:58 Padded Archer Armor
35:21 Ballistics
34:50 Elite Elephant Archer
36:15 Caravan
36:39 Hand Cart
37:33 Leather Archer Armor
37:14 Bodkin Arrow
38:24 Chemistry
37:44 Onager
39:25 Husbandry
39:36 Bloodlines
39:58 Bracer
40:28 Ring Archer Armor
41:02 Conscription
41:16 Mahayana
42:34 Paiks
50:18 Elite Skirmisher
56:15 Siege Elephant
Bear
0:28 Loom
14:08 Feudal Age
19:44 Castle Age
19:32 Double-Bit Axe
28:32 Wheelbarrow
31:23 Fortified Wall
33:13 Hand Cart
32:43 Town Watch
38:13 Imperial Age
36:35 Murder Holes
38:04 Pikeman
38:45 Squires
38:30 Arson
38:32 Gambesons
38:31 Cavalier
39:12 Husbandry
39:19 Scale Barding Armor
39:37 Forging
39:36 Stone Mining
39:36 Gold Mining
44:49 Light Cavalry
46:01 Caravan
48:01 Scale Barding Armor
48:06 Forging
47:47 Fletching
47:58 Scale Mail Armor
50:08 Iron Casting
53:32 Chain Barding Armor
54:13 Blast Furnace
57:02 Elite Skirmisher
NoisyBuoy
0:38 Loom
12:20 Feudal Age
13:35 Double-Bit Axe
16:27 Castle Age
17:41 Bow Saw
17:47 Horse Collar
18:44 Heavy Plow
21:53 Wheelbarrow
21:48 Gold Mining
23:13 Gold Shaft Mining
23:24 Fishing Lines
24:32 Hand Cart
24:41 Gillnets
28:26 Imperial Age
25:42 Town Watch
26:24 Fortified Wall
26:04 Treadmill Crane
26:36 Stone Mining
27:10 Caravan
27:29 Siege Engineers
28:06 Padded Archer Armor
29:06 Leather Archer Armor
29:03 Masonry
30:12 Chemistry
29:45 Coinage
29:25 Guilds
30:19 Two-Man Saw
29:41 Squires
30:36 Ring Archer Armor
29:57 Fletching
30:46 Banking
30:26 Guilds
31:32 Guilds
32:10 Architecture
31:48 Scale Mail Armor
32:36 Conscription
32:44 Fortified Bastions
32:13 Heavy Rocket Cart
32:51 Bodkin Arrow
33:18 Chain Mail Armor
33:28 Elite Fire Lancer
35:05 Ballistics
34:40 Murder Holes
35:18 Thunderclap Bombs
36:03 Hoardings
36:20 Elite Iron Pagoda
37:20 Scale Barding Armor
37:26 Forging
37:56 Guard Tower
38:10 Town Patrol
38:43 Chain Barding Armor
39:29 Iron Casting
40:54 Plate Barding Armor
42:23 Blast Furnace
41:23 Bracer
42:20 Keep
41:30 Arrowslits
45:06 Arson
46:43 Crop Rotation
46:29 Capped Ram
49:45 Husbandry
49:55 Bloodlines
Connection lost

Rejoining the realm…

Still unreachable

The connection could not be restored.

Session expired

The server has moved on; the page needs a fresh start.